 Dungeon Crawl Stone Soup version 0.19.5 (webtiles) character file.

46 snowfan the Firebug (level 3, -1/19 HPs)
             Began as a Deep Elf Fire Elementalist on May 1, 2017.
             Slain by a hobgoblin
             ... wielding a +0 club
              (3 damage)
             ... on level 2 of the Dungeon on May 3, 2017.
             The game lasted 00:07:11 (1203 turns).

snowfan the Firebug (Deep Elf Fire Elementalist)    Turns: 1203, Time: 00:07:12

Health: -1/19      AC:  2    Str:  5    XL:     3   Next: 46%
Magic:  1/9        EV: 13    Int: 20    God:
Gold:   70         SH:  0    Dex: 15    Spells: 1 memorised, 7 levels left

rFire  . . .     SeeInvis .     k - +0 short sword
rCold  . . .     Gourm    .     d - +0 robe (curse)
rNeg   + . .     Faith    .     (no shield)
rPois  .         Spirit   .     (no helmet)
rElec  .         Reflect  .     (no cloak)
rCorr  .         Harm     +     (no gloves)
MR     .....                    (no boots)
Stlth  ++........               i - amulet of harm
                                (no ring)
                                m - ring of positive energy

@: lethally poisoned (-1 -> -4), very slightly contaminated
A: no striking features
a: no special abilities


You were on level 2 of the Dungeon.
You were hungry.

You visited 1 branch of the dungeon, and saw 2 of its levels.

You collected 70 gold pieces.

Inventory:

Hand Weapons
 k - a +0 short sword (weapon)
Armour
 a - a +0 robe
 d - a cursed +0 robe (worn)
Jewellery
 i - an amulet of harm (around neck)
 m - a ring of positive energy (left hand)
Scrolls
 e - a scroll of identify {unknown}
 h - a scroll of immolation {unknown}
 j - a scroll of remove curse {unknown}
 l - a scroll of teleportation {unknown}
Books
 b - a book of Flames

   Spells                             Type                      Level
   a - Flame Tongue                   Conjuration/Fire             1
   b - Throw Flame                    Conjuration/Fire             2
   c - Conjure Flame                  Conjuration/Fire             3
   d - Inner Flame                    Hexes/Fire                   3
   e - Sticky Flame                   Conjuration/Fire             4
   f - Fireball                       Conjuration/Fire             5
 n - a book of Maledictions

   Spells                             Type                      Level
   a - Corona                         Hexes                        1
   b - Ensorcelled Hibernation        Hexes/Ice                    2
   c - Confuse                        Hexes                        3
   d - Tukima's Dance                 Hexes                        3
   e - Dazzling Spray                 Conjuration/Hexes            3
Comestibles
 c - 2 bread rations
 f - a slice of pizza


   Skills:
 - Level 2.4 Dodging
 - Level 2.4 Stealth
 - Level 3.0 Spellcasting
 - Level 1.1 Conjurations
 + Level 5.0 Fire Magic


You had 7 spell levels left.
You knew the following spells:

 Your Spells              Type           Power        Failure   Level  Hunger
a - Flame Tongue          Conj/Fire      ###..        4%          1    None


Dungeon Overview and Level Annotations

Branches:
Dungeon (2/15)

Altars:
Kikubaaqudgha
Qazlal
Xom


Message History

Aim: an adder (almost dead)
The flame tongue hits the adder.
You kill the adder!
Your Fire Magic skill increases to level 5!
The goblin closely misses you. The hobgoblin misses you.
You aren't carrying any potions.
Okay, then.
Okay, then.
Casting: Flame Tongue
Confirm with . or Enter, or press ? or * to list all spells.
You don't have enough magic to cast that spell.
Unknown command.
Casting: Flame Tongue
Confirm with . or Enter, or press ? or * to list all spells.
You don't have enough magic to cast that spell.
You are too injured to fight recklessly!
You are too injured to fight recklessly!
You hit the hobgoblin but do no damage. The goblin barely misses you.
The hobgoblin hits you with a club.
You die...

.....# ### ...### #.. #.##
#.# ...# #.#
...##########.###
................#########
...#####..###....##.....#
..............†..†#.)...###
.....<....##....@g..$......
..<..............g#........
...#.###..#..#...##..._8_..
................#####......
.... ....#.##.## ......
.##.......# #####. ..
####.####


You could see a hobgoblin and a goblin.

Vanquished Creatures
  An adder (D:2)
  An ooze (D:1)
  A dart slug (D:1)
  A leopard gecko (D:1)
  A ball python (D:1)
  5 goblins
  4 hobgoblins
  A quokka (D:2)
  3 bats (D:1)
  3 frilled lizards
  6 kobolds
  3 rats (D:1)
30 creatures vanquished.

Notes
Turn   | Place    | Note
-------+----------+-------------------------------------------
     0 | D:1      | snowfan the Deep Elf Fire Elementalist began the quest for the Orb.
     0 | D:1      | Reached XP level 1. HP: 10/10 MP: 6/6
   212 | D:1      | Reached XP level 2. HP: 6/15 MP: 4/8
   396 | D:1      | Reached skill level 4 in Fire Magic
   733 | D:1      | Reached XP level 3. HP: 19/19 MP: 7/9
  1048 | D:2      | Found a shimmering altar of Xom.
  1179 | D:2      | Found an ancient bone altar of Kikubaaqudgha.
  1185 | D:2      | Found a stormy altar of Qazlal.
  1202 | D:2      | Reached skill level 5 in Fire Magic
  1203 | D:2      | Slain by a hobgoblin

Skill      XL: |  1  2  3 |
---------------+----------+-----
Fire Magic     | 4 5 |  5.0
Dodging        | |  2.4
Stealth        | |  2.4
Spellcasting   | |  3.0
Conjurations   | |  1.1

Action                   || total
-------------------------++-------
Melee: Short sword       ||    22
 Cast: Flame Tongue      ||    45
  Use: Potion            ||     2
 Stab: Sleeping          ||     2
Armor: Robe              ||     4
Dodge: Dodged            ||    38
